 Dungeon Crawl Stone Soup version 0.19.1 (webtiles) character file.

394 Firecrotchwizard the Poker (level 6, -4/43 HPs)
             Began as an Octopode Gladiator on Dec 22, 2016.
             Was an Initiate of Dithmenos.
             Slain by an ogre
             ... wielding a +0 giant club
              (10 damage)
             ... on level 4 of the Dungeon.
             The game lasted 00:10:23 (2809 turns).

Firecrotchwizard the Poker (Octopode Gladiator)     Turns: 2809, Time: 00:10:24

Health: -4/43      AC:  1    Str: 15    XL:     6   Next: 81%
Magic:  6/6        EV: 15    Int: 10    God:    Dithmenos [......]
Gold:   157        SH:  0    Dex: 14    Spells: 0 memorised, 5 levels left

rFire  . . .     SeeInvis .     e - +0 spear (venom)
rCold  . . .     Gourm    +     (no shield)
rNeg   . . .     Faith    .     b - +0 hat
rPois  .         Spirit   .     j - amulet of the gourmand
rElec  .         Reflect  .     (no ring)
rCorr  .         Harm     .     (no ring)
MR     .....                    (no ring)
Stlth  ++........               (no ring)
                                (no ring)
                                (no ring)
                                (no ring)
                                (no ring)

@: no status effects
A: almost no armour, stealthy swim, amphibious, 8 rings, constrict 8, camouflage
1, gelatinous body 1
a: Renounce Religion


You were on level 4 of the Dungeon.
You worshipped Dithmenos.
Dithmenos was noncommittal.
You were not hungry.

You visited 1 branch of the dungeon, and saw 4 of its levels.

You collected 157 gold pieces.

Inventory:

Hand Weapons
 a - a +0 trident
 e - a +0 spear of venom (weapon)
Missiles
 c - 3 throwing nets (quivered)
Armour
 b - a +0 hat (worn)
Jewellery
 j - an amulet of the gourmand (around mantle)
Scrolls
 k - 5 scrolls of identify {unknown}
 l - a scroll of fog {unknown}
 m - 2 scrolls of teleportation {unknown}
 o - a scroll of fear {unknown}
 p - a scroll of blinking {unknown}
Potions
 f - a potion of magic {unknown}
 g - 2 potions of brilliance {unknown}
 n - 3 potions of curing {unknown}
Comestibles
 d - 5 bread rations
 h - 4 meat rations
 i - a slice of pizza
 q - a fruit


   Skills:
 * Level 4.3 Fighting
 * Level 4.9 Polearms
 + Level 3.1 Throwing
 + Level 4.2 Dodging


You had 5 spell levels left.
You didn't know any spells.

Dungeon Overview and Level Annotations

Branches:
Dungeon (4/15)
 Temple: D:4-7

Altars:
Dithmenos
Okawaru


Innate Abilities, Weirdness & Mutations

You cannot wear most types of armour.
You are very stealthy in the water. (Stealth+)
You are amphibious.
You can wear up to eight rings at the same time.
You can use your tentacles to constrict eight enemies at once.
Your skin changes colour to match your surroundings (Stealth+).
Your rubbery body absorbs attacks. (AC +1, EV +1)


Message History

The hound skeleton bites you but does no damage.
The hound skeleton bites you.
You hit the hound skeleton.
The hound skeleton is almost destroyed.
You constrict the hound skeleton. The hound skeleton barely misses you.
You hit the hound skeleton.
You destroy the hound skeleton!
Dithmenos accepts your kill.
You hit the ogre but do no damage.
The ogre is poisoned.
Your squeeze misses the ogre. The ogre hits you with a giant club!
* * * LOW HITPOINT WARNING * * *
You are too injured to fight recklessly!
You hit the ogre but do no damage.
The ogre looks as sick as possible!
You hit the ogre. You squeeze the ogre.
The ogre is moderately wounded.
The ogre misses you.
You hit the ogre. You squeeze the ogre, but do no damage.
The ogre is heavily wounded.
The ogre hits you with a giant club!
You die...

##### ####
#...# #<.##
##...## #
#...# #.<...#
. ##.#.#
#.....## .##.
#..#.#
#.....<# ....#
#.##.##
#.####....
...###.##_)#
#.# ###
...#@##..###.#
#.#O###.†...#
#...# ####..#
#..## #..#
#..# ...#
...## ...##
#... ....
....$ <##.#
..#.## #.#


You could see an ogre.

Vanquished Creatures
  A howler monkey (D:4)
  An orc priest (D:3)
  2 hounds
  2 orc wizards (D:3)
  A hound skeleton (D:4)
  4 gnolls (D:2)
  6 adders
  An ooze (D:1)
  A dart slug (D:1)
  5 orcs (D:3)
  3 ball pythons
  4 bats
  4 giant cockroaches
  14 goblins
  14 hobgoblins
  11 jackals
  10 kobolds
  2 frilled lizards (D:3)
  9 rats
95 creatures vanquished.

Notes
Turn   | Place    | Note
-------+----------+-------------------------------------------
     0 | D:1      | Firecrotchwizard the Octopode Gladiator began the quest for the Orb.
     0 | D:1      | Reached XP level 1. HP: 14/14 MP: 1/1
   125 | D:1      | Reached XP level 2. HP: 19/19 MP: 2/2
   215 | D:1      | Reached XP level 3. HP: 25/25 MP: 3/3
   735 | D:2      | Reached XP level 4. HP: 6/31 MP: 4/4
  1374 | D:2      | Reached XP level 5. HP: 9/36 MP: 5/5
  2375 | D:3      | Reached XP level 6. HP: 41/43 MP: 6/6
  2403 | D:3      | Found a shadowy altar of Dithmenos.
  2413 | D:3      | Became a worshipper of Dithmenos the Shadowed
  2729 | D:4      | Found an iron altar of Okawaru.
  2809 | D:4      | Slain by an ogre

Skill      XL: |  1  2  3  4  5  6 |
---------------+-------------------+-----
Fighting       | 3 4 |  4.3
Polearms       | 4 |  4.9
Dodging        | 4 |  4.2
Throwing       | 3 |  3.1

Action                   |  1- 3 |  4- 6 || total
-------------------------+-------+-------++-------
Melee: Spear             |    63 |   165 ||   228
       Tentacles         |    12 |    33 ||    45
       Constrict         |     9 |    40 ||    49
 Stab: Sleeping          |     8 |    12 ||    20
       Distracted        |       |     1 ||     1
  Eat: Chunk             |     6 |     6 ||    12
Armor: Skin              |     3 |     5 ||     8
Dodge: Dodged            |    39 |    53 ||    92
